 Dungeon Crawl Stone Soup version 0.30.1-4-g462c640d31 (webtiles) character file.

Game seed: 5436566769650185340

1540 Cheops the Gusty (level 8, -3/52 HPs)
             Began as a Merfolk Summoner on Sept 18, 2023.
             Slain by a steam dragon (9 damage)
             ... on level 6 of the Dungeon.
             The game lasted 00:18:29 (6489 turns).

Cheops the Gusty (Merfolk Summoner)                 Turns: 6489, Time: 00:18:30

Health: -3/52      AC:  7    Str: 10    XL:     8   Next: 86%
Magic:  7/12       EV: 13    Int: 23    God:
Gold:   265        SH:  0    Dex: 14    Spells: 0/13 levels left

rFire   . . .        a - +6 dagger of the Burning Bear {freeze, rCorr Str+2}
rCold   . . .        (no shield)
rNeg    . . .        u - +0 robe
rPois   .            k - +0 helmet
rElec   .            D - +2 cloak
rCorr   +            i - +0 pair of gloves
SInv    +            (no boots)
Will    .....        (no amulet)
Stlth   ++           v - ring of see invisible
HPRegen 0.28/turn    F - +6 ring of intelligence
MPRegen 0.13/turn

%: no passive effects
@: no status effects
A: (nimble swimmer 2), mertail
a: no special abilities


You were on level 6 of the Dungeon.
You visited 1 branch of the dungeon, and saw 6 of its levels.

You collected 265 gold pieces.

Inventory:

Hand Weapons
 a - the +6 dagger of the Burning Bear (weapon) {freeze, rCorr Str+2}
   (You found it on level 3 of the Dungeon)

   Str:       It affects your strength (+2).
   rCorr:     It protects you from acid and corrosion.
 b - a +0 trident
 c - a +0 short sword
 w - a +0 spear
Armour
 i - a +0 pair of gloves (worn)
 k - a +0 helmet (worn)
 u - a +0 robe (worn)
 y - a +0 cloak
 D - a +2 cloak (worn)
Magical Staves
 q - a staff of conjuration
Jewellery
 v - a ring of see invisible (left hand)
 F - a +6 ring of intelligence (right hand)
Wands
 l - a wand of charming (8)
 r - a wand of polymorph (7)
Scrolls
 j - 2 scrolls of immolation
 m - 3 scrolls of enchant weapon {unknown}
 n - a scroll of fear {unknown}
 o - 2 scrolls of amnesia {unknown}
 p - 4 scrolls of teleportation {unknown}
 s - a scroll of enchant armour
 t - a scroll of fog
 B - a scroll of blinking {unknown}
 E - a scroll of vulnerability {unknown}
Potions
 d - 2 potions of lignification {unknown}
 e - 2 potions of invisibility {unknown}
 f - a potion of attraction {unknown}
 g - a potion of brilliance {unknown}
 h - 3 potions of cancellation {unknown}
 x - 3 potions of might {unknown}
 z - a potion of curing
 A - a potion of haste
 C - a potion of magic


   Skills:
 * Level 0.0 Short Blades
 * Level 0.0 Polearms
 - Level 3.0 Dodging
 - Level 2.4 Stealth
 - Level 3.0 Spellcasting
 + Level 7.0 Summonings
 - Level 7.2 Air Magic


You couldn't memorise any spells.
You knew the following spells:

 Your Spells              Type           Power      Damage    Failure   Level
C - Call Canine Familiar  Summ           35%        N/A       1%          3
G - Summon Guardian Gole  Hex/Summ       19%        N/A       9%          3
I - Call Imp              Summ           70%        N/A       1%          2
L - Summon Lightning Spi  Summ/Air       36%        N/A       6%          4
M - Summon Small Mammal   Summ           100%       N/A       1%          1

Your spell library contained the following spells:

 Spells                   Type           Power      Damage    Failure   Level
 Poisonous Vapours        Pois/Air       40%        N/A       4%          2
 Mephitic Cloud           Conj/Pois/Air  14%        N/A       13%         3
 Freezing Cloud           Conj/Ice/Air   7%         6-21      77%         5


Dungeon Overview and Level Annotations

Branches:
Dungeon (6/15)             Temple (0/1) D:6

Altars:
Cheibriados
Fedhas
Gozag
Nemelex Xobeh
Ru

Shops:
D:2 (


Innate Abilities, Weirdness & Mutations

((You are very nimble when in or above water. (Stealth+, EV+, Speed+++)))
Your lower body shifts to a powerful aquatic tail in water.


Message History

Your lightning spire shoots out a bolt of lightning at the steam dragon!
The bolt of electricity hits the steam dragon!
Casting: Summon Lightning Spire (dangerous; 6% risk of failure)
Confirm with . or Enter, or press ? or * to list all spells.
The steam dragon breathes steam at you. The ball of steam hits you!
The ball of steam hits your hound!!
Your hound dies!
Your hound's corpse disappears in a puff of smoke!
Items here: ))) [[[.
You barely miss the steam dragon.
The steam dragon is moderately wounded.
The steam dragon bites you but does no damage.
The steam dragon claws you. The steam dragon closely misses you.
The steam dragon barely misses you.
You see here a +0 giant spiked club.
You hit the steam dragon but do no damage.
The steam dragon is moderately wounded.
The steam dragon bites you but does no damage.
The steam dragon claws you. The steam dragon bites you!
* * * LOW HITPOINT WARNING * * *
The steam dragon barely misses you.
You barely miss the steam dragon.
The steam dragon is moderately wounded.
The steam dragon bites you but does no damage.
The steam dragon misses you.
You hit the steam dragon. You freeze the steam dragon.
The steam dragon is heavily wounded.
The steam dragon bites you but does no damage.
The steam dragon claws you but does no damage.
You hit the steam dragon. You freeze the steam dragon.
The steam dragon is severely wounded.
The steam dragon closely misses you. x2
You hit the steam dragon. You freeze the steam dragon.
The steam dragon is almost dead.
The steam dragon breathes steam at you. The ball of steam hits you!!
* * * LOW HITPOINT WARNING * * *
The steam dragon bites you!
You die...

## #..............# D(
#.########.....# #. #.# ##...##
#.############.#########.#.######
#.D§..§D................###......
##############.######......######
######### #.######.###.##
####....<..###.D§§§§§§# #.##
..##.#####.....[@§....###..##
#.##.# #####8######.....#.##
#.##.# #.# ###.[.##.##
#.##.#########.# #>...##.#
.†...........#.# #..#.#.##
..#...######...# #.....#####
....#......#.#.# #..........
....#...##†#.#.# ##.#)######
..#####........#### #.#.# #<.


You could see a steam dragon (ally target) and a friendly lightning spire
(summoned).

Vanquished Creatures
  3 yaks (D:6)
  An ogre (D:6)
  A scorpion (D:4)
  A wight (D:6)
  A howler monkey (D:5)
  2 hounds
  Natasha (D:3)
  An iguana (D:5)
  A gnoll (D:4)
  3 adders
  A white imp (D:6)
  2 ufetubi (D:5)
  A dart slug (D:3)
  An orc (D:3)
  3 ball pythons
  4 bats
  5 endoplasms
  4 goblins (D:1)
  5 hobgoblins
  2 jackals (D:1)
  2 quokkas
  2 frilled lizards
  4 kobolds
  6 rats
57 creatures vanquished.

Vanquished Creatures (collateral kills)
  A yak (D:6)
  2 ogres
  A phantom (D:5)
  2 wights (D:6)
  Natasha (twice) (D:3)
  2 iguanas
  3 gnolls (D:4)
  4 adders
  2 dart slugs
  2 ball pythons
  4 bats (D:1)
  6 endoplasms
  2 giant cockroaches
  A goblin (D:1)
  2 hobgoblins (D:2)
  2 kobolds (D:2)
  A quokka (D:4)
  2 frilled lizards
  3 rats
44 creatures vanquished.

Vanquished Creatures (others)
  A wight (D:6)
1 creature vanquished.

Grand Total: 102 creatures vanquished

Notes
Turn   | Place    | Note
-------+----------+-------------------------------------------
     0 | D:1      | Cheops the Merfolk Summoner began the quest for the Orb.
     0 | D:1      | Reached XP level 1. HP: 13/13 MP: 3/3
   182 | D:1      | Reached XP level 2. HP: 10/19 MP: 1/5
   409 | D:1      | Learned a level 2 spell: Call Imp
   545 | D:1      | Found a faded altar of an unknown god.
   788 | D:1      | Reached XP level 3. HP: 22/24 MP: 5/7
   796 | D:1      | Learned a level 3 spell: Call Canine Familiar
  1659 | D:2      | You fall into a shaft and drop 1 floor!
  1915 | D:2      | Reached XP level 4. HP: 28/30 MP: 2/8
  2171 | D:2      | Reached skill level 5 in Summonings
  2246 | D:2      | Found Feim's Weapon Shop.
  2717 | D:3      | Noticed Natasha
  2728 | D:3      | Killed Natasha
  2733 | D:3      | Noticed Natasha
  2735 | D:3      | Killed Natasha
  2736 | D:3      | Reached XP level 5. HP: 13/35 MP: 6/9
  2867 | D:3      | Noticed Natasha
  2877 | D:3      | Killed Natasha
  3354 | D:3      | Identified the +6 dagger of the Burning Bear {freeze, rCorr
                  | Str+2}
  4402 | D:4      | Reached XP level 6. HP: 40/41 MP: 5/10
  4462 | D:4      | Found a snail-covered altar of Cheibriados.
  4746 | D:4      | Learned a level 4 spell: Summon Lightning Spire
  4779 | D:5      | Entered Level 5 of the Dungeon
  4943 | D:5      | Reached skill level 1 in Air Magic
  5195 | D:5      | Reached XP level 7. HP: 46/46 MP: 5/11
  5644 | D:6      | Reached XP level 8. HP: 35/52 MP: 1/12
  5733 | D:6      | Found a sacrificial altar of Ru.
  5733 | D:6      | Found a blossoming altar of Fedhas.
  5733 | D:6      | Found a sparkling altar of Nemelex Xobeh.
  5848 | D:6      | Found an opulent altar of Gozag.
  5848 | D:6      | Noticed a yak
  5848 | D:6      | Noticed a yak
  5888 | D:6      | Killed a yak
  5889 | D:6      | Reached skill level 5 in Air Magic
  5963 | D:6      | Noticed a yak
  5989 | D:6      | Noticed a yak
  5994 | D:6      | Killed a yak
  5995 | D:6      | Killed a yak
  6001 | D:6      | Killed a yak
  6349 | D:6      | Learned a level 3 spell: Summon Guardian Golem
  6351 | D:6      | Found a staircase to the Ecumenical Temple.
  6489 | D:6      | Slain by a steam dragon

Illustrated notes

Levels and vault maps discovered:
D:1:      dpeg_arrival_another_circle, layout_basic,
          hellmonk_ecumenical_altar_blasted
D:2:      layout_basic, serial_shops, shop, serial_bayou_pond_d,
          grunt_ministairs_3
D:3:      layout_loops_cross, minmay_ruptured, uniq_natasha
D:4:      layout_cave_pods, chei_slow_surprise
D:5:      layout_cave_pools, kennysheep_generic_room_15
D:6:      layout_loops_ring, gammafunk_temple_overflow_forgotten,
          nicolae_gozag_seed_capital, minmay_temple_entry_arrows, serial_shops,
          nicolae_shop_rolling_square, small_statue_intersection,
          minmay_manual_mullet

Skill      XL: |  1  2  3  4  5  6  7  8 |
---------------+-------------------------+-----
Dodging        | 3 |  3.0
Spellcasting   | 3 |  3.0
Summonings     | 5 6 7 |  7.0
Air Magic      | 2 4 7 |  7.2
Stealth        | |  2.4

Action                     |  1- 3 |  4- 6 |  7- 9 || total
---------------------------+-------+-------+-------++-------
  Melee: Short sword       |   106 |    43 |       ||   149
         Unarmed           |     5 |       |       ||     5
         Punch             |     1 |       |     1 ||     2
         Tailslap          |     1 |       |       ||     1
         Dagger            |       |    34 |    43 ||    77
   Cast: Summon Small Mamm |    29 |     1 |       ||    30
         Call Imp          |    14 |    10 |     3 ||    27
         Call Canine Famil |     4 |    16 |     9 ||    29
         Summon Lightning  |       |     1 |     7 ||     8
  Evoke: Wand              |       |       |     1 ||     1
    Use: Scroll            |       |       |     4 ||     4
   Stab: Distracted        |     2 |     2 |     2 ||     6
         Sleeping          |     1 |     1 |       ||     2
 Armour: Robe              |    37 |    10 |    10 ||    57
         Skin              |       |     1 |       ||     1
  Dodge: Dodged            |   110 |    54 |    31 ||   195
